 Dungeon Crawl Stone Soup version 0.31.0-9-g3a7656b989 (webtiles) character file.

Game seed: 8729203154428650683

91 qw the Shooter (level 4, 0/25 HPs)
             Began as a Deep Elf Hunter on Feb 2, 2024.
             Slain by a goblin
             ... wielding a +0 club
             ... led by Robin
              (2 damage)
             ... on level 2 of the Dungeon.
             The game lasted 00:00:05 (1207 turns).

qw the Shooter (Deep Elf Hunter)                    Turns: 1207, Time: 00:00:06

Health: 0/25       AC:  7    Str: 10    XL:     4   Next: 34%
Magic:  6/6        EV: 11    Int: 14    God:
Gold:   122        SH:  5    Dex: 18    Spells: 3/3 levels left

rFire   . . .        a - +0 shortbow
rCold   . . .        (shield currently unavailable)
rNeg    . . .        l - +0 ring mail
rPois   .            (no helmet)
rElec   .            d - +0 cloak
rCorr   +            (no gloves)
SInv    .            h - +0 pair of boots
Will    .....        j - amulet of reflection
Stlth   +            o - ring of resist corrosion
HPRegen 0.24/turn    (no ring)
MPRegen 0.10/turn

%: reflection
@: no status effects
A: no striking features
a: no special abilities


You were on level 2 of the Dungeon.
You visited 1 branch of the dungeon, and saw 2 of its levels.

You collected 142 gold pieces.
You spent 20 gold pieces at shops.


   Skills:
 - Level 1.5 Fighting
 + Level 7.8 Ranged Weapons
 - Level 2.4 Dodging
 - Level 1.2 Stealth


You had 3 spell levels left.
You didn't know any spells.
Your spell library was empty.

Inventory:

Hand Weapons
 a - a +0 shortbow (weapon)
Armour
 d - a +0 cloak (worn)
 h - a +0 pair of boots (worn)
 l - a +0 ring mail (worn)
Jewellery
 f - a ring of positive energy
 g - a ring of protection from fire
 j - an amulet of reflection (around neck)
 o - a ring of resist corrosion (left hand)
Scrolls
 b - a scroll of revelation {unknown}
 e - a scroll of identify
 i - a scroll of vulnerability {unknown}
Potions
 c - a potion of ambrosia {unknown}
 n - a potion of mutation
 p - a potion of curing

Dungeon Overview and Level Annotations

Branches:
Dungeon (2/15)

Altars:

Shops:
D:1 =([?!


Message History

You shoot an arrow. The arrow completely misses Robin.
The arrow barely misses the hobgoblin.
The hobgoblin no longer looks unusually strong.
Robin hits you but does no damage. The goblin barely misses you.
The goblin closely misses you. x2
You shoot an arrow. The arrow closely misses Robin.
The arrow hits the hobgoblin.
The hobgoblin is heavily wounded.
The goblin hits you with a +0 club. The goblin hits you but does no damage.
The goblin closely misses you.
Robin roars a battlecry!
The goblins go into a battle-frenzy!
The goblin hits you with a +0 club. You block the goblin's attack.
The goblin completely misses you.
You shoot an arrow. The arrow hits Robin.
You kill Robin!
The goblin no longer looks unusually strong.
The goblin hits you with a +0 club. The goblin completely misses you.
The goblin hits you but does no damage.
You shoot an arrow. The arrow hits the hobgoblin.
The hobgoblin is severely wounded.
The hobgoblin misses you. The goblin hits you with a +0 club. x2
The goblin hits you but does no damage.
You shoot an arrow. The arrow hits the hobgoblin!
You kill the hobgoblin!
The hobgoblin no longer looks unusually strong.
The goblin barely misses you. The goblin closely misses you.
The goblin hits you but does no damage.
You shoot an arrow.
The arrow hits the goblin but does no damage.
The goblin barely misses you. The goblin closely misses you.
The goblin hits you but does no damage. The goblin barely misses you.
You shoot an arrow. The arrow hits the goblin.
You kill the goblin!
The goblin hits you but does no damage. The goblin misses you.
The goblin hits you with a +0 club.
You shoot an arrow. The arrow hits the hobgoblin.
You kill the hobgoblin!
The goblin hits you with a +0 club.
You die...

##.....:# ##...####
######### ###....#
........# #...##..#
#####<#'# #'#.# #..#
..#####.# #.### #.##
#...##..#####..## #..##
#..##.......(..g##g....#
#..+...7..>..7.g@)).# ##
#..##..........g##..#
##%###..#####..## ##
#..###.# #.## ##...#'#
#. ###...# #. ##### ##


You could see a hobgoblin and 3 goblins.

Vanquished Creatures
  Robin (D:2)
  2 adders (D:2)
  A ribbon worm (D:2)
  A dart slug (D:2)
  5 ball pythons
  6 endoplasms
  2 giant cockroaches (D:1)
  4 hobgoblins
  3 jackals (D:2)
  3 quokkas
  7 bats
  3 frilled lizards (D:2)
  12 goblins
  2 kobolds
  4 rats
56 creatures vanquished.

Notes
Turn   | Place    | Note
-------+----------+-------------------------------------------
     0 | D:1      | qw the Deep Elf Hunter began the quest for the Orb.
     0 | D:1      | Reached XP level 1. HP: 12/12 MP: 3/3
     0 | D:1      | 0 ||| qw: Version: 0.3-a-155-g5e7d8dd
     0 | D:1      | 0 ||| qw: Game counter: 2649
     0 | D:1      | 0 ||| qw: Melee chars always use a shield: true
     0 | D:1      | 0 ||| qw: God list: Okawaru
     0 | D:1      | 0 ||| qw: Allow faded altars: false
     0 | D:1      | 0 ||| qw: Do Orc after clearing Dungeon:15 true
     0 | D:1      | 0 ||| qw: Do second Lair branch before Depths: true
     0 | D:1      | 0 ||| qw: Lair rune preference: random
     0 | D:1      | 0 ||| qw: Goals: Normal
     0 | D:1      | 0 ||| PLANNING D:1-11
   119 | D:1      | Reached skill level 6 in Ranged Weapons
   119 | D:1      | Reached XP level 2. HP: 16/16 MP: 4/4
   286 | D:1      | Found Heklo's Distillery.
   291 | D:1      | 291 ||| SHOPLISTING potion of curing (36 gold, have 33).
   291 | D:1      | 291 ||| SHOPLISTING potion of haste (120 gold, have 33).
   291 | D:1      | 291 ||| SHOPLISTING potion of heal wounds (60 gold, have
                  | 33).
   291 | D:1      | 291 ||| SHOPLISTING potion of resistance (120 gold, have
                  | 33).
   361 | D:1      | Found Buysag's Magic Scroll Boutique.
   364 | D:1      | 364 ||| SHOPLISTING scroll of enchant weapon (75 gold, have
                  | 33).
   364 | D:1      | 364 ||| BUYING scroll of identify (20 gold).
   364 | D:1      | Bought a scroll of identify for 20 gold pieces
   364 | D:1      | 364 ||| SHOPLISTING scroll of teleportation (30 gold, have
                  | 13).
   420 | D:1      | Found Zudeowa's Armour Shoppe.
   427 | D:1      | 427 ||| SHOPLISTING +1 leather armour of fire resistance
                  | (182 gold, have 13).
   461 | D:1      | Found Ysiberiuhunt's Jewellery Boutique.
   470 | D:1      | 470 ||| SHOPLISTING amulet of faith (520 gold, have 13).
   470 | D:1      | 470 ||| SHOPLISTING ring "Utonyp" {rN+ rCorr Int-2 Dex+5}
                  | (487 gold, have 13).
   470 | D:1      | 470 ||| SHOPLISTING ring of Zyrorar {rF+ rC+ Str+2} (561
                  | gold, have 13).
   470 | D:1      | 470 ||| SHOPLISTING ring of positive energy (260 gold, have
                  | 13).
   470 | D:1      | 470 ||| SHOPLISTING ring of protection from fire (325 gold,
                  | have 13).
   470 | D:1      | 470 ||| SHOPLISTING ring of see invisible (195 gold, have
                  | 13).
   510 | D:1      | Found Honyfaru's Weapon Boutique.
   616 | D:1      | Reached XP level 3. HP: 20/20 MP: 5/5
   727 | D:1      | 727 ||| UPGRADING to +0 cloak.
   732 | D:1      | 732 ||| UPGRADING to +0 scale mail.
   742 | D:1      | 742 ||| DROPPING +0 leather armour.
   743 | D:1      | 743 ||| UPGRADING to +0 pair of boots.
   748 | D:1      | 748 ||| UPGRADING to +0 ring mail.
   758 | D:1      | 758 ||| DROPPING +0 scale mail.
   759 | D:1      | 759 ||| UPGRADING to amulet of reflection.
   764 | D:1      | 764 ||| DROPPING ring of magical power.
   765 | D:1      | 765 ||| UPGRADING to ring of resist corrosion.
   766 | D:1      | 766 ||| READING 2 scrolls of identify.
   766 | D:1      | 766 ||| IDENTIFYING metallic ruby potion
   767 | D:1      | 767 ||| READING scroll of identify.
   767 | D:1      | 767 ||| IDENTIFYING orange potion
   768 | D:1      | 768 ||| READING 3 scrolls labelled DIBRIA LUZIMYSS.
   769 | D:1      | 769 ||| READING scroll labelled IMNAIPSEES.
   807 | D:1      | 807 ||| READING scroll labelled WOYFIP ATTEIXAZA.
   808 | D:1      | 808 ||| DROPPING scroll of butterflies.
   809 | D:1      | 809 ||| DROPPING 2 scrolls of blinking.
   894 | D:2      | Reached skill level 7 in Ranged Weapons
  1159 | D:2      | Reached XP level 4. HP: 25/25 MP: 6/6
  1186 | D:2      | Noticed Robin
  1202 | D:2      | Killed Robin
  1202 | D:2      | HP: 5/25 [goblin/+0 club[Robin] (5)]
  1206 | D:2      | HP: 2/25 [goblin/+0 club[Robin] (2)]
  1207 | D:2      | Slain by a goblin

Levels and vault maps discovered:
D:1:      heliophobic_arrival_dark_side_of_the_moon, layout_basic, serial_shops,
          shop, shop, nicolae_shop_rolled_up, nicolae_shop_crystal,
          nicolae_shop_hallway_plus, corexii_corridor_pit,
          minmay_split_cup_small
D:2:      layout_rooms, grunt_ministairs_15, uniq_robin

Skill      XL: |  1  2  3 |
---------------+----------+-----
Ranged Weapons | 6 7 |  7.8
Fighting       | |  1.5
Dodging        | |  2.4
Stealth        | |  1.2

Action                     |  1- 3 |  4- 6 || total
---------------------------+-------+-------++-------
   Fire: Shortbow          |   137 |    26 ||   163
    Use: Scroll            |     5 |       ||     5
 Armour: Leather armour    |    11 |       ||    11
         Ring mail         |    16 |    32 ||    48
  Dodge: Dodged            |    47 |    34 ||    81
  Block: Other             |     9 |     9 ||    18
         Reflection        |     1 |       ||     1

Table legend:
 A = Non-vault XP
 B = Vault XP
 C = Vault XP percentage of total XP
 D = Non-vault monster count
 E = Vault monster count
 F = Vault count percentage of total count
                 A         B        C        D         E       F
            +---------+---------+-------+---------+---------+-------
      Total |      99 |      34 |  25.6 |      44 |      12 |  21.4
            +---------+---------+-------+---------+---------+-------
        D:1 |      40 |       5 |  11.1 |      25 |       3 |  10.7
        D:2 |      59 |      29 |  33.0 |      19 |       9 |  32.1
            +---------+---------+-------+---------+---------+-------
